 Dungeon Crawl Stone Soup version 0.31.0-9-g3a7656b989 (console) character file.

Game seed: 15183249187647886435

85 Colgate the Chopper (level 4, 40/40 HPs)
             Began as a Minotaur Reaver on Jan 24, 2024.
             Was a Follower of Vehumet.
             Quit the game on level 2 of the Dungeon.
             The game lasted 00:01:33 (1758 turns).

Colgate the Chopper (Minotaur Reaver)               Turns: 1758, Time: 00:01:34

Health: 40/40      AC:  4    Str: 18    XL:     4   Next: 25%
Magic:  5/5        EV: 11    Int: 10    God:    Vehumet [*.....]
Gold:   10         SH:  0    Dex:  9    Spells: 4/5 levels left

rFire   . . .        a - +0 hand axe
rCold   . . .        (no shield)
rNeg    . . .        b - +0 leather armour
rPois   .            (helmet restricted)
rElec   .            d - +0 cloak
rCorr   .            (no gloves)
SInv    .            (no boots)
Will    .....        (no amulet)
Stlth   +            (no ring)
HPRegen 0.26/turn    (no ring)
MPRegen 0.09/turn

%: no passive effects
@: no status effects
A: horns 2, retaliatory headbutt
a: Renounce Religion


You were on level 2 of the Dungeon.
You worshipped Vehumet.
Vehumet was aware of your devotion.
You visited 1 branch of the dungeon, and saw 2 of its levels.

You collected 94 gold pieces.
You spent 84 gold pieces at shops.

Inventory:

Hand Weapons
 a - a +0 hand axe (weapon)
Armour
 b - a +0 leather armour (worn)
 d - a +0 cloak (worn)
 l - a +0 pair of gloves
Scrolls
 c - a scroll of revelation {unknown}
 e - 4 scrolls of identify {@r1}
 h - 4 scrolls of amnesia {unknown}
 m - a scroll of fear
Potions
 f - a potion of ambrosia {unknown}
 g - a potion of mutation {unknown}
 i - a potion of attraction {unknown}
 j - 2 potions of might {unknown}
 k - a potion of degeneration {unknown}


   Skills:
 + Level 3.8 Fighting
 + Level 4.6 Axes
 + Level 2.5 Armour
 - Level 2.1 Dodging
 - Level 1.3 Spellcasting
 - Level 2.1 Conjurations


You had 4 spell levels left.
You knew the following spells:

 Your Spells              Type           Power      Damage    Failure   Level
a - Kiss of Death         Conj/Necr      8%         2d6       26%         1

Your spell library contained the following spells:

 Spells                   Type           Power      Damage    Failure   Level
 Freeze                   Ice            0%         1d3       36%         1
 Momentum Strike          Conj/Tloc      4%         3d8       36%         2
 Hailstorm                Conj/Ice       2%         3d5       58%         3


Dungeon Overview and Level Annotations

Branches:
Dungeon (2/15)

Altars:
Vehumet

Shops:
D:2 ?


Innate Abilities, Weirdness & Mutations

You have a pair of horns on your head.
You reflexively headbutt those who attack you in melee.


Message History

No target in view!
There is an open door here.
You see here a dart slug corpse.
You see here an adder skeleton.
You see here a ball python skeleton.
No target in view!
Partly explored, unopened door.
No target in view!
Partly explored, unopened door.
No target in view!
Partly explored, unopened door.
No target in view!
Partly explored, unopened door.
You open the door.
No target in view!
Found 6 stones.
No target in view!
There is an open door here.
Done exploring.
No target in view!
Done exploring.
No target in view!
Done exploring.
No target in view!
Done exploring.
No target in view!
Done exploring.
Search for what [Enter for "d:1", or ? for help]? d:2
There is an open door here.
You enter the shallow water.
Moving in this stuff is going to be slow.
There is a faded altar of an unknown god here.
This altar belongs to (a) Ignis, (b) Vehumet or (c) Yredelemnul, but you can't tell which.
Press the corresponding letter to learn more about a god, or press enter to convert or escape to cancel.
Vehumet accepts your prayer! Vehumet welcomes you!
You can now gain magical power from killing.
Vehumet offers you knowledge of Freeze.
Saving game... please wait.
Welcome back, Colgate the Minotaur Reaver.
Vehumet says: Let it end in hellfire!

#
#.#....##..+...........#####.##
# #.#...###.##.....##.##.# #...
# #.....# #.##.....##.##.# ####
###..####.##.....##.##.# ##
#.....†.##......#.##.# .#
###....###...........### .#
####.# #......#......######
.#### #.# ##...#.#............
....# #.###..........##.######
...## #...#.~~~....#.#....#...
...# ###...~@~.####.#..#...##
...## #.#.~~~.# #..........
...~## #.#.....# #..........
~..~~# #...##### #..........
~..~~# ###...# #..........
...~~# #...# #.......... ..~~~#
#...## #.......... .~~~##
#....# #.......... .~.##
#....##############. ~..#
#.......# #. ..÷##
######...###.##### #.


There were no monsters in sight!

Vanquished Creatures
  5 adders (D:2)
  A dart slug (D:2)
  A ribbon worm (D:2)
  2 endoplasms (D:2)
  2 giant cockroaches
  5 goblins
  2 kobolds (D:1)
  2 quokkas
  6 ball pythons
  4 bats
  4 frilled lizards
  3 rats (D:2)
37 creatures vanquished.

Notes
Turn   | Place    | Note
-------+----------+-------------------------------------------
     0 | D:1      | Colgate the Minotaur Reaver began the quest for the Orb.
     0 | D:1      | Reached XP level 1. HP: 18/18 MP: 1/1
   145 | D:1      | Reached skill level 1 in Armour
   365 | D:1      | Reached XP level 2. HP: 22/25 MP: 3/3
   824 | D:2      | Reached skill level 4 in Axes
   889 | D:2      | Found a faded altar of an unknown god.
  1054 | D:2      | Reached XP level 3. HP: 21/31 MP: 4/4
  1344 | D:2      | Reached XP level 4. HP: 21/39 MP: 5/5
  1575 | D:2      | Found Qaitit's Magic Scroll Shoppe.
  1654 | D:2      | Bought a scroll of fear for 56 gold pieces
  1654 | D:2      | Bought a scroll of identify for 28 gold pieces
  1757 | D:2      | Prayed at the altar of an unknown god.
  1757 | D:2      | Became a worshipper of Vehumet
  1757 | D:2      | Reached * piety under Vehumet
  1757 | D:2      | Offered knowledge of Freeze by Vehumet.
  1758 | D:2      | Quit the game

Illustrated notes

Levels and vault maps discovered:
D:1:      ebering_trefoil_3fold, layout_basic
D:2:      cheibrodos_helix_gallery, layout_basic, serial_shops,
          nicolae_shop_hallway_plus,
          hellmonk_ecumenical_altar_pennies_from_heaven, minivault_26,
          kennysheep_flooded_box, st_stairs_9

Skill      XL: |  1  2  3 |
---------------+----------+-----
Armour         | 1 2 |  2.5
Fighting       | 3 |  3.8
Axes           | 4 |  4.6
Dodging        | |  2.1
Spellcasting   | |  1.3
Conjurations   | |  2.1

Action                     |  1- 3 |  4- 6 || total
---------------------------+-------+-------++-------
  Melee: Hand axe          |    78 |    14 ||    92
         Headbutt          |     6 |     3 ||     9
 Armour: Leather armour    |    68 |     8 ||    76
  Dodge: Dodged            |    55 |    10 ||    65
